Map: Dusk Towers

Players

Trizztein

  • Race: Terran Terran
  • League: Platinum

Kway - Winner!

  • Race: Protoss Protoss
  • League: Platinum

VOD

Have the link to the VOD?

Description

Time

  • Played on: Jan. 5, 2016, 5:57 p.m.
  • Length: 8:09
Show
View Real Time Build Order
Export as new Build Order

Trizztein Terran 

Build Orders: Reaper Expand, MMM Bio 

Get SALT Encoding   

  12  0:01  SCV  
  13  0:13  SCV  
  14  0:18  Supply Depot  
  14  0:25  SCV  
  15  0:40  SCV  
  15  0:41  Barracks  
  16  0:52  SCV  
  16  0:53  Refinery  
  17  1:04  SCV  
  18  1:16  SCV  
  19  1:29  Orbital Command  
  19  1:35  Reaper  
  20  1:44  Command Center  
  20  1:49  Supply Depot  
  20  1:55  SCV  
  21  2:07  SCV  
  21  2:08  Barracks Reactor  
  22  2:19  SCV  
  23  2:24  Command Center  
  23  2:31  SCV  
  23  2:35  Factory  
  24  2:43  SCV  
  25  2:46  Refinery, Marine  
  26  2:55  SCV  
  27  2:59  Marine  
  27  3:01  Orbital Command  
  27  3:03  Marine  
  29  3:07  SCV  
  30  3:17  Marine  
  30  3:19  SCV  
  32  3:20  Factory Tech Lab, Barracks  
  32  3:27  SCV  
  32  3:32  SCV  
  34  3:38  Orbital Command  
  34  3:39  SCV  
  34  3:40  Cyclone  
  38  3:43  Marine  
  38  3:46  SCV  
  38  3:47  Marine  
  41  3:51  SCV  
  42  3:58  SCV  
  43  4:03  SCV  
  43  4:10  SCV x2  
  43  4:14  Engineering Bay  
  43  4:15  Cyclone  
  43  4:16  Barracks Tech Lab  
  48  4:18  Barracks, Marine x2  
  48  4:19  SCV  
  48  4:22  SCV  
  52  4:28  SCV  
  52  4:29  Supply Depot  
  53  4:31  SCV  
  53  4:34  SCV  
  55  4:38  Marine  
  55  4:41  SCV, Refinery  
  55  4:43  SCV, Refinery  
  58  4:46  SCV  
  58  4:49  Missile Turret  
  59  4:56  Missile Turret  
  59  4:58  Terran Infantry Weapons Level 1  
  59  4:59  SCV x3  
  62  5:04  Supply Depot  
  62  5:07  Marine  
  62  5:11  SCV x2  
  62  5:13  Starport  
  65  5:17  Factory Reactor  
  65  5:19  Stimpack, Marine  
  65  5:20  SCV  
  67  5:22  Combat Shields  
  67  5:23  SCV  
  67  5:24  Marine  
  67  5:26  SCV, Marine x2  
  72  5:30  Orbital Command  
  72  5:37  Marine  
  72  5:42  Marine  
  74  5:44  SCV, Marine x2  
  77  5:56  Missile Turret  
  77  5:59  Supply Depot  
  77  6:00  Factory Reactor  
  77  6:02  SCV x3, Medivac x2, Marine  
  85  6:05  Supply Depot  
  85  6:07  Supply Depot  
  85  6:20  Marine  
  85  6:21  SCV x2, Marauder x2  
  85  6:25  Marine  
  93  6:30  Refinery  
  93  6:32  SCV  
  94  6:33  SCV  
  94  6:34  Refinery  
  94  6:35  Supply Depot  
  94  6:36  Missile Turret  
  94  6:37  Supply Depot  
  94  6:38  Marine  
  96  6:40  Missile Turret  
  96  6:42  Starport, Marauder x2  
  96  6:43  Marine  
  96  6:44  Medivac x2  
  96  6:45  SCV  
  96  6:46  SCV x2  
  108  6:48  Factory Reactor  
  108  6:56  Marine  
  108  6:58  SCV  
  108  6:59  Concussive Shells  
  108  7:00  SCV x2  
  112  7:04  Barracks, Marauder  
  112  7:06  Barracks  
  112  7:08  Supply Depot  
  114  7:09  Supply Depot  
  114  7:10  SCV  
  114  7:11  Supply Depot  
  95  7:27  Marine x3  
  95  7:29  Marine  
  85  7:44  Command Center  
  85  7:45  Marine x3  
  85  7:47  Marine  
Show
View Real Time Build Order
Export as new Build Order

Kway Protoss - Winner!

Build Orders: 1 Gate Expand 

Get SALT Encoding   

  12  0:01  Probe (Chrono Boost)  
  13  0:11  Probe (Chrono Boost)  
  14  0:18  Pylon  
  14  0:22  Probe (Chrono Boost)  
  15  0:38  Gateway  
  15  0:39  Probe (Chrono Boost)  
  16  0:49  Probe (Chrono Boost)  
  17  0:50  Assimilator  
  17  1:00  Probe (Chrono Boost)  
  18  1:10  Probe (Chrono Boost)  
  19  1:24  Nexus  
  19  1:33  Cybernetics Core  
  19  1:36  Probe (Chrono Boost)  
  20  1:46  Assimilator  
  20  1:49  Pylon  
  20  1:52  Probe (Chrono Boost)  
  22  2:12  Mothership Core (Chrono Boost)  
  22  2:14  Warp Gate (Chrono Boost)  
  23  2:20  Stalker  
  25  2:29  Pylon  
  25  2:31  Probe (Chrono Boost)  
  26  2:41  Probe (Chrono Boost)  
  26  2:43  Probe (Chrono Boost)  
  28  2:52  Robotics Facility  
  28  3:00  Probe  
  29  3:10  Pylon  
  29  3:14  Pylon  
  29  3:17  Probe  
  29  3:18  Probe  
  30  3:21  Stalker (Chrono Boost)  
  33  3:30  Probe  
  33  3:32  Gateway  
  33  3:34  Probe  
  34  3:41  Observer  
  36  3:42  Probe  
  37  3:52  Probe  
  37  3:53  Pylon  
  38  4:00  Probe  
  38  4:01  Warp Prism  
  41  4:05  Probe  
  42  4:22  Gateway  
  42  4:23  Probe  
  42  4:24  Gateway, Probe  
  42  4:25  Gateway  
  42  4:29  Pylon  
  44  4:35  Probe  
  44  4:36  Probe  
  44  4:37  Gateway  
  46  4:47  Pylon  
  46  4:48  Probe  
  46  4:49  Twilight Council  
  46  4:51  Immortal  
  51  4:56  Probe  
  52  5:08  Pylon  
  52  5:13  Pylon  
  52  5:16  Gateway, Pylon  
  52  5:17  Charge (Chrono Boost)  
  52  5:18  Gateway  
  52  5:34  Gateway  
  52  5:35  Zealot x3  
  58  5:45  Immortal (Chrono Boost)  
  62  5:52  Zealot  
  62  5:53  Zealot  
  62  5:56  Stalker  
  68  6:11  Stalker  
  68  6:13  Zealot x2  
  74  6:20  Immortal (Chrono Boost)  
  78  6:27  Zealot x4  
  86  6:33  Zealot  
  88  6:42  Zealot  
  88  6:43  Zealot x2  
  98  6:54  Immortal (Chrono Boost)  
  98  7:07  Zealot x4  
  98  7:08  Zealot x3  
  110  7:19  Zealot  
  103  7:39  Zealot x6  
  103  7:40  Zealot  
  113  7:57  Zealot  
  107  7:59  Stalker  
  107  8:00  Stalker x3  
Tags
 
Add a new tag
Caveats
  • Supply blocks, unpowered buildings, or Contaminate may cause inaccurate times.
  • Supply counts are checked every 10 seconds.